 Dungeon Sprint DCSS version 0.27-a0-660-g90476cec82 (webtiles) character file.

Game seed: 9388491098973751988

476 HendSelp the Spear-Bearer (level 6, -21/59 HPs)
             Began as a Demonspawn Monk on Mar 16, 2021.
             Was a High Priest of Yredelemnul.
             Killed from afar by a molten gargoyle (25 damage)
             ... with a bolt of magma
             ... in the Dungeon (Sprint VII: "The Pits").
             The game lasted 00:03:37 (1032 turns).

HendSelp the Spear-Bearer (Demonspawn Monk)         Turns: 1032, Time: 00:03:38

Health: -21/59     AC: 13    Str: 12    XL:     6   Next: 84%
Magic:  7/7        EV:  7    Int: 13    God:    Yredelemnul [*****.]
Gold:   0          SH:  0    Dex: 15    Spells: 5/5 levels left

rFire    . . .     SeeInvis .   m - +1 trident (vorpal)
rCold    . . .     Faith    .   (no shield)
rNeg     . . .     Spirit   .   l - +3 chain mail
rPois    .         Reflect  .   (no helmet)
rElec    .         Harm     .   (no cloak)
rCorr    .         Rampage  .   (no gloves)
Will     .....     NoTele   +   (no boots)
Stlth    ..........             (no amulet)
HPRegen  0.19/turn              (no ring)
MPRegen  0.10/turn              (no ring)

@: no status effects
A: talons 1, rugged brown scales 2, ignite blood 1
a: Renounce Religion, Recall Undead Slaves, Injury Mirror, Animate Dead, Drain
Life, Enslave Soul


You were in the Dungeon.
You worshipped Yredelemnul.
Yredelemnul was extremely pleased with you.
You visited 1 branch

Inventory:

Hand Weapons
 m - a +1 vorpal trident (weapon)
Armour
 l - a +3 chain mail (worn)
Scrolls
 h - a scroll of blinking
 j - 5 scrolls of amnesia
Potions
 a - a potion of invisibility
 c - 6 potions of curing
 d - 6 potions of heal wounds
 e - a potion of haste
 f - 4 potions of magic
 g - 3 potions of berserk rage


   Skills:
 + Level 8.5 Fighting
 + Level 8.7 Polearms
 + Level 0.1 Armour
 + Level 7.6 Dodging
 + Level 3.9 Stealth
 + Level 1.3 Invocations


You had 5 spell levels left.
You didn't know any spells.
Your spell library was empty.

Dungeon Overview and Level Annotations

Branches:
Dungeon (1/1)

Altars:
Ashenzari
Cheibriados
Dithmenos
Elyvilon
Fedhas
Gozag
Hepliaklqana
Kikubaaqudgha
Makhleb
Nemelex Xobeh
Okawaru
Qazlal
Ru
Sif Muna
Trog
Uskayaw
Vehumet
Wu Jian
Xom
Yredelemnul
Zin
The Shining One
Beogh
Jiyva
Lugonu


Innate Abilities, Weirdness & Mutations

You have sharp toenails.
You are mostly covered in rugged brown scales. (AC +2, +5% HP)
Your demonic aura sometimes causes spilled blood to erupt in flames


Message History

There is an open door here.
Items here: ))) [[[.
Okay, then.
You swap places.
Things that are here:
a +0 spear; a +0 robe You start resting.
Magic restored.
You see here 6 poisoned darts.
You start resting.
You swap places.
You start resting.
You swap places.
You start resting.
You open the door.
A bat zombie comes into view.
The bat zombie hits you but does no damage. x2
Reach: m) +1 trident (vorpal)
Press: ? - help, Dir - move target You can't see that place.
Okay, then.
You puncture the bat zombie!
You destroy the bat zombie!
Yredelemnul accepts your kill.
There is an open door here.
You open the door.
A molten gargoyle comes into view. It is wielding a +0 mace.
The molten gargoyle blasts magma at you!
The bolt of magma hits you!!
The molten gargoyle hits you with a +0 mace!!
* * * LOW HITPOINT WARNING * * *
You are engulfed in flames!
* * * LOW HITPOINT WARNING * * *
There is an open door, spattered with blood here.
You swap places.
Your wraith hits the molten gargoyle but does no damage.
The molten gargoyle blasts magma at you!
The bolt of magma hits your wraith!! The bolt of magma hits you!!
You die...
Your body rises from the dead as a mindless zombie.

#.#........##.......#
#)###########.......#
#.).....# #########
#..(#...# #...#...#
#.##.##.#+#
#...#...#9+
#...#.ZZ#W#
#.....ZZ@z#
###########


You could see a molten gargoyle (ally target), a friendly wraith, a friendly
flying skull, a friendly rat zombie, a friendly warg zombie, a friendly sky
beast zombie and a friendly goblin zombie.

Vanquished Creatures
  A warg (D)
  A sky beast (D)
  2 wights (D)
  A worker ant (D)
  An ufetubus (D)
  An adder skeleton (D)
  An orc (D)
  A bat zombie (D)
  A goblin (D)
  A hobgoblin (D)
  A rat (D)
12 creatures vanquished.

Vanquished Creatures (collateral kills)
  A floating eye (D)
  A sky beast (D)
  A kobold brigand (D)
  2 wights (D)
  A worker ant (D)
  A gnoll (D)
7 creatures vanquished.

Vanquished Creatures (others)
  2 flying skulls (D)
  A wraith (D)
3 creatures vanquished.

Grand Total: 22 creatures vanquished

Notes
Turn   | Place    | Note
-------+----------+-------------------------------------------
     0 | D        | HendSelp the Demonspawn Monk began the quest for the Orb.
     0 | D        | Reached XP level 1. HP: 18/18 MP: 1/1
   167 | D        | Found a bloodstained altar of Trog.
   167 | D        | Found a shimmering blue altar of Sif Muna.
   167 | D        | Found a viscous altar of Jiyva.
   167 | D        | Found a hazy altar of Hepliaklqana.
   167 | D        | Found an opulent altar of Gozag.
   192 | D        | Found a basalt altar of Yredelemnul.
   192 | D        | Found a shimmering altar of Xom.
   192 | D        | Found an ornate altar of the Wu Jian Council.
   192 | D        | Found a sacrificial altar of Ru.
   192 | D        | Found a stormy altar of Qazlal.
   192 | D        | Found an iron altar of Okawaru.
   192 | D        | Found a sparkling altar of Nemelex Xobeh.
   192 | D        | Found a burning altar of Makhleb.
   192 | D        | Found a blossoming altar of Fedhas.
   192 | D        | Found a shadowy altar of Dithmenos.
   192 | D        | Found a snail-covered altar of Cheibriados.
   194 | D        | Found a radiant altar of Vehumet.
   194 | D        | Found a corrupted altar of Lugonu.
   197 | D        | Found a hide-covered altar of Uskayaw.
   197 | D        | Found an ancient bone altar of Kikubaaqudgha.
   197 | D        | Found a broken altar of Ashenzari.
   201 | D        | Became a worshipper of Yredelemnul the Dark
   201 | D        | Reached * piety under Yredelemnul
   201 | D        | Reached ** piety under Yredelemnul
   302 | D        | Noticed a worker ant
   307 | D        | Killed a worker ant
   308 | D        | Gained mutation: You have sharp toenails. [demonic
                  | ancestry]
   308 | D        | Reached XP level 2. HP: 10/26 MP: 2/2
   616 | D        | Gained mutation: Your demonic aura sometimes causes spilled
                  | blood to erupt in flames [demonic ancestry]
   616 | D        | Reached XP level 3. HP: 31/31 MP: 3/3
   619 | D        | Reached *** piety under Yredelemnul
   622 | D        | Noticed a floating eye
   623 | D        | Noticed a sky beast
   628 | D        | Killed a floating eye
   629 | D        | Reached skill level 5 in Fighting
   629 | D        | Reached skill level 5 in Polearms
   629 | D        | Gained mutation: You are partially covered in rugged brown
                  | scales. (AC +1, +3% HP) [demonic ancestry]
   629 | D        | Reached XP level 4. HP: 30/40 MP: 4/4
   631 | D        | Killed a sky beast
   631 | D        | Reached **** piety under Yredelemnul
   631 | D        | Received a gift from Yredelemnul (2 flying skulls)
   632 | D        | Reached skill level 5 in Dodging
   632 | D        | Reached XP level 5. HP: 36/47 MP: 5/5
   706 | D        | Noticed a sky beast
   707 | D        | Noticed a warg
   717 | D        | Received a gift from Yredelemnul (a flying skull)
   718 | D        | Killed a sky beast
   725 | D        | Gained mutation: You are mostly covered in rugged brown
                  | scales. (AC +2, +5% HP) [demonic ancestry]
   725 | D        | Reached XP level 6. HP: 34/57 MP: 6/6
   731 | D        | Received a gift from Yredelemnul (a wraith)
   735 | D        | Killed a warg
   735 | D        | Reached ***** piety under Yredelemnul
   736 | D        | Reached skill level 1 in Invocations
   746 | D        | HP: 1/57 [wight/+5 mace (10)]
   749 | D        | Received a gift from Yredelemnul (a wraith)
  1030 | D        | Noticed a molten gargoyle
  1032 | D        | Killed from afar by a molten gargoyle

Illustrated notes

Levels and vault maps discovered:
D:        pitsprint [storerooms_1, entrance_room_1, metal_vault_5, armoury_2,
          mini_pit_1, grid_room_1, main_hall_1, silver_pit, the_coven_3,
          the_vestibule_1, steel_vault_3, golden_pit, hallway_of_sentries,
          crystal_vault_6, iron_vault_1, final_vault]

Skill      XL: |  1  2  3  4  5  6 |
---------------+-------------------+-----
Fighting       | 4 5 6 7 8 |  8.5
Polearms       | 4 5 6 7 8 |  8.7
Dodging        | 3 4 5 6 7 |  7.6
Stealth        | 2 3 |  3.9
Invocations    | 1 |  1.3
Armour         | |  0.1

Action                   |  1- 3 |  4- 6 || total
-------------------------+-------+-------++-------
Melee: Spear             |     7 |       ||     7
       Trident           |    13 |    30 ||    43
       Kick              |     4 |     9 ||    13
Invok: Animate Dead      |       |     2 ||     2
  Use: Scroll            |     1 |       ||     1
       Potion            |     1 |       ||     1
Armor: Robe              |     2 |       ||     2
       Chain mail        |       |     9 ||     9
Dodge: Dodged            |     8 |     4 ||    12

Table legend: (Time is in decaauts)
 A = Elapsed time spent in this place.
 B = Non-inter-level travel time spent in this place.
 C = Inter-level travel time spent in this place.
 D = Time resting spent in this place.
 E = Time spent auto-exploring this place.
 F = Levels seen in this place.
 G = Mean time per level.
                   A        B        C        D        E       F      G
               +--------+--------+--------+--------+--------+-----+--------+
         Total |   1029 |   1006 |     23 |    776 |      0 |   1 | 1029.0 |
       Dungeon |   1029 |   1006 |     23 |    776 |      0 |   1 | 1029.0 |
               +--------+--------+--------+--------+--------+-----+--------+

Top non-repeatable levels by time:
       D: 1029 daAuts
